 Dungeon Crawl Stone Soup version 0.28-a0-726-g4a9143789a (webtiles) character file.

Game seed: 14923495615276705613

21572 kae the Covert (level 12, -9/61 HPs)
             Began as a Spriggan Enchanter on Oct 27, 2021.
             Was an Elder of Dithmenos.
             Mangled by a boulder beetle (50 damage)
             ... on level 5 of the Lair of Beasts.
             The game lasted 00:20:16 (22812 turns).

kae the Covert (Spriggan Enchanter)                Turns: 22812, Time: 00:20:16

Health: -9/61      AC:  7    Str:  7    XL:     12   Next: 55%
Magic:  26/26      EV: 28    Int: 17    God:    Dithmenos [****..]
Gold:   1656       SH:  0    Dex: 17    Spells: 19/30 levels left

rFire   . . .      SeeInvis +   a - +1 dagger (spect)
rCold   + + .      Faith    .   (shield restricted)
rNeg    . . .      Spirit   .   s - +2 robe {rC+}
rPois   .          Reflect  .   j - +2 hat
rElec   .          Harm     .   l - +0 cloak
rCorr   .          Rampage  .   (gloves unavailable)
Will    ++...                   (boots unavailable)
Stlth   ++++++++..              n - amulet of magic regeneration
HPRegen 0.20/turn               e - +4 ring of evasion
MPRegen 0.45/turn               k - ring of protection from cold

@: wreathed by umbra, very quick
A: very small, no large weapons, unfitting armour, see invisible, speed 3
a: Renounce Religion, Shadow Step


You were on level 5 of the Lair of Beasts.
You worshipped Dithmenos.
Dithmenos was greatly pleased with you.
You visited 2 branches of the dungeon, and saw 15 of its levels.
You also visited: Sewer.

You collected 1656 gold pieces.

Inventory:

Hand Weapons
 a - a +1 spectral dagger (weapon)
Armour
 j - a +2 hat (worn)
 l - a +0 cloak (worn)
 s - a +2 robe of cold resistance (worn)
Jewellery
 e - a +4 ring of evasion (left hand)
 k - a ring of protection from cold (right hand)
 n - an amulet of magic regeneration (around neck)
 r - a ring of ice
 w - a +6 ring of intelligence
Wands
 f - a wand of acid (9)
 m - a wand of flame (45)
 t - a wand of paralysis (5)
 x - a wand of mindburst (13)
 z - a wand of polymorph (10)
Scrolls
 h - 3 scrolls of teleportation
 o - a scroll of amnesia
 p - 2 scrolls of blinking
 v - a scroll of identify
 y - 3 scrolls of enchant armour
Potions
 c - a potion of invisibility
 d - a potion of ambrosia
 g - 3 potions of haste
 i - 4 potions of mutation
 q - a potion of lignification
 u - a potion of magic


   Skills:
 + Level 6.2 Fighting
 * Level 12.0 Short Blades
 + Level 10.4 Dodging
 + Level 12.3 Stealth
 + Level 9.5 Spellcasting
 + Level 9.7 Hexes
 + Level 6.9 Invocations


You had 19 spell levels left.
You knew the following spells:

 Your Spells              Type           Power      Damage    Failure   Level
a - Ensorcelled Hibernat  Hex/Ice        48%        N/A       1%          2
b - Confusing Touch       Hex            41%        N/A       1%          3
c - Tukima's Dance        Hex            41%        N/A       1%          3
d - Dazzling Flash        Conj/Hex       48%        N/A       3%          3

Your spell library contained the following spells:

 Spells                   Type           Power      Damage    Failure   Level
 Portal Projectile        Hex/Tloc       48%        N/A       3%          3
 Corpse Rot               Necr/Air       16%        N/A       14%         2
 Ozocubu's Armour         Ice            8%         N/A       26%         3
 Hailstorm                Conj/Ice       8%         3d4       65%         4
 Sticky Flame             Conj/Fire      8%         2d3       65%         4
 Blade Hands              Tmut           4%         N/A       94%         5
 Excruciating Wounds      Necr           4%         N/A       94%         5
 Fireball                 Conj/Fire      4%         3d4       94%         5
 Ozocubu's Refrigeration  Ice            4%         4d5       100%        7


Dungeon Overview and Level Annotations

Branches:
Dungeon (9/15)             Temple (0/1) D:7            Lair (6/6) D:8
 Shoals (0/4) Lair:2        Snake (0/4) Lair:2        Sewer (visited)
  Slime: Lair:5-6       Orc: D:9-12

Altars:
Dithmenos
Gozag
Qazlal
Sif Muna
Jiyva

Shops:
D:1 ?   D:7 :   D:9 [

Annotations:
D:4 3 runed translucent doors, ma3's ghost, amateur DgIE
D:7 2 transporters
D:8 3 runed translucent doors, sn0wgr3's ghost, novice MiFi
Lair:1 exclusion: 2 oklob plants
Lair:4 2 transporters, Quyjis's ghost, journeyman DDGl


Innate Abilities, Weirdness & Mutations

You are very small and have problems with some larger weapons.
You are too small for most types of armour.
You have supernaturally acute eyesight. (SInv)
You cover ground extremely quickly. (Speed+++)


Message History

Aim: a dream sheep (umbra, chance to affect: 45%)
The dream sheep resists with some effort.
The dream sheep ruffles its wool and motes of dream dust sparkle, to no effect.
Casting: Ensorcelled Hibernation (safe; 1% risk of failure)
Confirm with . or Enter, or press ? or * to list all spells.
Aiming: Ensorcelled Hibernation (safe; 1% risk of failure)
Press: ? - help, Shift-Dir - straight line, f/p - dream sheep
Aim: a dream sheep (umbra, chance to affect: 45%)
The dream sheep looks drowsy...
Casting: Ensorcelled Hibernation (safe; 1% risk of failure)
Confirm with . or Enter, or press ? or * to list all spells.
You can't see any susceptible monsters within range! (Use Z to cast anyway.)
Casting: Ensorcelled Hibernation (safe; 1% risk of failure)
Confirm with . or Enter, or press ? or * to list all spells.
You can't see any susceptible monsters within range! (Use Z to cast anyway.)
The helpless dream sheep fails to defend itself.
You spit the dream sheep like a pig!!!!
You kill the dream sheep!
Dithmenos accepts your kill.
Your shadow now sometimes tangibly mimics your actions.
You start resting.
Magic restored.
HP restored.
Level annotation: 2 transporters, Quyjis's ghost, journeyman DDGl Welcome back, kae the Spriggan Enchanter.
Dithmenos says: Spread the eternal night.
Press ? for a list of commands and other information.
Partly explored, unvisited transporter.
Partly explored, unvisited transporter.
Partly explored, unvisited transporter.
You climb downwards.
The boulder beetle curls into a ball and begins rolling!
The dream sheep barely misses you.
The dream sheep ruffles its wool and motes of dream dust sparkle, to no effect.
There is a stone staircase leading up here.
The dream sheep shakes its wool and sparkles.
You feel drowsy...
You fall asleep.
The dream sheep bites you!!
You wake up.
The boulder beetle hits you!!!
Ouch! That really hurt!
You die...

##### #.#.########## #####
##.##.#....#..####...#
##†..................##
##.....................##
#..........@............##
###..........BY............###
#............○.............#.#
###..........°..............##
#..........°..............P#
#........................###
#..#....###..............##
###
#.###..###................#
P.#
###.##..#.................#


You could see a boulder beetle (rolling) and a dream sheep.

Vanquished Creatures
  Fannar (Lair:1)
  A two-headed ogre (D:8)
  Urug (Lair:2)
  6 black mambas
  Joseph (D:8)
  11 cane toads
  4 komodo dragons
  2 rime drakes
  A troll (D:7)
  3 polar bears
  A hornet (D:8)
  Grinder (D:6)
  7 blink frogs (Lair:1)
  14 dream sheep
  5 wyverns
  6 yaks
  2 steam dragons
  A floating eye (Lair:1)
  2 black bears
  2 orc warriors
  20 water moccasins
  A sky beast (D:6)
  A necrophage (D:4)
  An ogre (D:6)
  6 wolves
  3 centaurs
  2 kobold brigands
  9 bullfrogs
  4 scorpions
  A water moccasin skeleton (D:3)
  2 electric eels (D:8)
  10 wights
  A centaur zombie (D:9)
  Crazy Yiuf (D:2)
  A centaur skeleton (D:5)
  6 hounds
  A jelly (D:7)
  6 orc priests
  Terence (D:2)
  2 iguanas
  9 orc wizards
  2 hound skeletons (D:4)
  Robin (D:1)
  A howler monkey zombie (D:5)
  4 gnolls (D:7)
  4 adders
  A shadow imp (D:7)
  3 white imps
  A worm (D:5)
  A dart slug (D:2)
  16 orcs
  2 endoplasms (D:2)
  7 giant cockroaches
  9 goblins
  9 hobgoblins
  2 jackals (Sewer)
  4 quokkas
  6 ball pythons
  2 bats
  5 frilled lizards
  20 kobolds
  4 rats
264 creatures vanquished.

Vanquished Creatures (others)
  7 bushes (Lair:4)
  17 fungi
  51 plants
75 creatures vanquished.

Grand Total: 339 creatures vanquished

Notes
Turn   | Place    | Note
-------+----------+-------------------------------------------
     0 | D:1      | kae the Spriggan Enchanter began the quest for the Orb.
     0 | D:1      | Reached XP level 1. HP: 9/9 MP: 5/5
   326 | D:1      | Found Vixemytote's Magic Scroll Boutique.
   472 | D:1      | Reached XP level 2. HP: 13/13 MP: 6/6
   475 | D:1      | Learned a level 2 spell: Ensorcelled Hibernation
   782 | D:1      | Found a faded altar of an unknown god.
  1516 | D:2      | Noticed Terence
  1644 | D:2      | Reached XP level 3. HP: 11/17 MP: 5/8
  1901 | D:2      | Noticed Robin
  2259 | D:1      | Killed Robin
  2646 | D:2      | Found a runed translucent door.
  2647 | D:2      | Noticed Crazy Yiuf
  2928 | D:2      | Killed Terence
  2929 | D:2      | Reached skill level 1 in Fighting
  2929 | D:2      | Reached skill level 5 in Stealth
  2929 | D:2      | Reached XP level 4. HP: 22/22 MP: 6/9
  3165 | D:2      | Killed Crazy Yiuf
  3379 | D:3      | Found a shadowy altar of Dithmenos.
  3596 | D:3      | Became a worshipper of Dithmenos the Shadowed
  3661 | D:3      | Learned a level 3 spell: Confusing Touch
  3833 | D:3      | Reached XP level 5. HP: 16/25 MP: 9/11
  4233 | D:4      | Noticed a necrophage
  4246 | D:4      | Killed a necrophage
  4402 | D:4      | Reached XP level 6. HP: 25/30 MP: 1/12
  4892 | D:4      | Found a runed translucent gate.
  4902 | D:4      | Found an opulent altar of Gozag.
  5108 | D:4      | Found a runed translucent gate.
  5108 | D:4      | Found a runed translucent gate.
  5143 | D:4      | Noticed ma3's ghost (amateur DgIE)
  5533 | D:5      | Entered Level 5 of the Dungeon
  5617 | D:5      | Reached XP level 7. HP: 35/35 MP: 11/14
  5849 | D:5      | Got Fadghe's Reference Book on Damaging Air
  6038 | D:6      | Reached skill level 5 in Hexes
  6038 | D:6      | Reached skill level 1 in Invocations
  6224 | D:6      | Found a glowing drain.
  6261 | Sewer    | Entered a sewer
  6422 | Sewer    | Reached * piety under Dithmenos
  6499 | Sewer    | Reached skill level 5 in Short Blades
  6771 | D:6      | Noticed Grinder
  7058 | D:6      | Reached skill level 5 in Dodging
  7157 | D:6      | Found a shimmering blue altar of Sif Muna.
  7401 | D:6      | Reached XP level 8. HP: 37/39 MP: 11/16
  7606 | D:5      | Reached skill level 5 in Spellcasting
  9224 | D:7      | Found a transporter.
  9228 | D:7      | Noticed a kobold demonologist
  9596 | D:7      | Found a transporter.
  9619 | D:7      | Noticed a kobold demonologist
  9703 | D:7      | Reached XP level 9. HP: 44/44 MP: 7/18
 10031 | D:6      | Found a shimmering blue altar of Sif Muna.
 10174 | D:6      | Killed Grinder
 10777 | D:7      | Found Vaanoeme's Book Shoppe.
 10806 | D:7      | Found a staircase to the Ecumenical Temple.
 10968 | D:8      | Found a staircase to the Lair.
 10968 | D:8      | Noticed a troll
 11064 | D:7      | Killed a troll
 11507 | D:8      | Reached ** piety under Dithmenos
 11925 | D:8      | Found a runed translucent gate.
 11925 | D:8      | Found a runed translucent gate.
 11925 | D:8      | Found a runed translucent gate.
 11926 | D:8      | Found a viscous altar of Jiyva.
 11926 | D:8      | Noticed sn0wgr3's ghost (novice MiFi)
 11936 | D:8      | Noticed Joseph
 11944 | D:8      | Killed Joseph
 12443 | D:8      | Noticed a two-headed ogre
 12747 | D:8      | Reached XP level 10. HP: 49/49 MP: 19/21
 12794 | D:8      | Killed a two-headed ogre
 13533 | D:9      | Found Figie's Antique Armour Shoppe.
 13548 | D:9      | Found a stormy altar of Qazlal.
 13922 | Lair:1   | Entered Level 1 of the Lair of Beasts
 14034 | Lair:1   | Noticed Fannar
 14037 | Lair:1   | Noticed an oklob plant
 14148 | Lair:1   | Noticed a cane toad
 14154 | Lair:1   | Killed a cane toad
 14155 | Lair:1   | Reached skill level 10 in Stealth
 14239 | Lair:1   | Reached skill level 5 in Invocations
 14312 | Lair:1   | Killed Fannar
 14408 | Lair:1   | Noticed a cane toad
 14415 | Lair:1   | Killed a cane toad
 14435 | Lair:1   | Noticed an oklob plant
 14437 | Lair:1   | Reached XP level 11. HP: 54/54 MP: 20/23
 14511 | Lair:1   | Reached skill level 5 in Fighting
 14876 | Lair:2   | Learned a level 3 spell: Tukima's Dance
 14880 | Lair:2   | Learned a level 3 spell: Dazzling Flash
 14894 | Lair:2   | Reached skill level 10 in Short Blades
 14910 | Lair:2   | Reached *** piety under Dithmenos
 15021 | Lair:2   | Found a staircase to the Snake Pit.
 15072 | Lair:2   | Noticed Urug
 15630 | Lair:2   | Killed Urug
 15682 | Lair:2   | Found a staircase to the Shoals.
 15910 | Lair:2   | Noticed a catoblepas
 17891 | Lair:3   | You fall into a shaft and drop 2 floors!
 18703 | Lair:5   | Reached XP level 12. HP: 60/60 MP: 25/25
 19781 | Lair:4   | Reached skill level 10 in Dodging
 20486 | Lair:4   | Found a transporter.
 20496 | Lair:4   | Noticed an eight-headed hydra
 20812 | Lair:4   | Found a transporter.
 21032 | Lair:4   | HP: 3/61 [dream sheep (15)]
 21420 | Lair:4   | Noticed Quyjis's ghost (journeyman DDGl)
 22219 | Lair:3   | Identified a scroll of acquirement
 22219 | Lair:3   | Acquired 801 gold pieces
 22313 | Lair:6   | Entered Level 6 of the Lair of Beasts
 22416 | Lair:6   | Noticed a death yak
 22419 | Lair:6   | Noticed a death yak
 22421 | Lair:6   | Noticed a boulder beetle
 22425 | Lair:6   | Noticed a death yak
 22426 | Lair:6   | Noticed a death yak
 22426 | Lair:6   | Noticed a death yak
 22429 | Lair:6   | Noticed a death yak
 22684 | Lair:4   | Reached **** piety under Dithmenos
 22812 | Lair:5   | Mangled by a boulder beetle

Illustrated notes

Levels and vault maps discovered:
D:1:      saegor_arrival_simple_e, layout_loops_ring, serial_shops, shop,
          hellmonk_ecumenical_altar_heavens_door
D:2:      layout_rooms, serial_forest, infiniplex_forest_end_3,
          infiniplex_forest_clump_medium, infiniplex_forest_zigzag_2,
          infiniplex_forest_corner_1, infiniplex_forest_pool,
          infiniplex_forest_end_2, infiniplex_forest_end_2,
          uniq_crazy_yiuf_cottage, uniq_robin, uniq_terence
D:3:      layout_basic, mainiacjoe_overflow_paths
D:4:      layout_basic, grunt_gozag_breadcrumbs, ebering_ghost_rock_garden
D:5:      layout_basic, minmay_misc_feat_nine_boxes,
          eino_small_chamber_without_monster
D:6:      layout_basic, mainiacjoe_overflow_cross_hatched,
          gup_sewer_entry_bubbles, grunt_decor_one_mirror, uniq_grinder
D:7:      gammafunk_wand_slinger, layout_basic,
          minmay_temple_entry_gardened_gates, serial_shops,
          nicolae_shop_waterfront, roderic_roman_lattice,
          minmay_misc_feat_encased
D:8:      layout_basic, erik_lair_island, gammafunk_ghost_ooze, uniq_joseph
D:9:      layout_rooms, nicolae_qazlal_style_of_elements,
          nicolae_take_the_stairs
Lair:1:   layout_regular_city, disabler_island, serial_bayou_shore_b,
          uniq_fannar
Lair:2:   layout_roguey, elwin_shoals_entry_rocks,
          minmay_snake_entry_six_corridors, chequers_serial_rivers_micro_d,
          uniq_urug
Lair:3:   layout_cave_pods, gauntlet_entry_generic
Lair:4:   layout_layer_cave, gammafunk_ghost_berserking_beasts,
          minmay_hedge_maze
Lair:5:   layout_gridlike, serial_bayou_shore_b
Lair:6:   evil_forest, layout_big_grid, nicolae_slime_entry_slimehenge

Skill      XL: |  1  2  3  4  5  6  7  8  9 10 11 12 |
---------------+-------------------------------------+-----
Dodging        | 3 4 5 6 7 8 9 10 | 10.4
Short Blades   | 2 3 4 5 6 8 9 11 12 | 12.0
Spellcasting   | 3 4 5 6 7 8 9 |  9.5
Fighting       | 1 2 3 4 5 6 |  6.2
Stealth        | 5 6 7 9 10 11 12 | 12.3
Hexes          | 4 5 6 7 8 9 |  9.7
Invocations    | 1 2 4 5 6 |  6.9

Action                   |  1- 3 |  4- 6 |  7- 9 | 10-12 || total
-------------------------+-------+-------+-------+-------++-------
Melee: Dagger            |   130 |   102 |   307 |   320 ||   859
 Cast: Ensorcelled Hiber |    22 |    21 |   115 |   212 ||   370
       Confusing Touch   |       |     3 |    19 |    16 ||    38
Evoke: Wand              |       |       |       |     2 ||     2
  Use: Scroll            |       |    12 |     3 |    10 ||    25
       Potion            |       |       |     2 |     1 ||     3
 Stab: Sleeping          |    21 |    17 |    57 |    93 ||   188
       Confused          |       |     3 |    17 |    11 ||    31
       Distracted        |       |       |     2 |     2 ||     4
Armor: Robe              |     9 |     8 |    30 |    29 ||    76
Dodge: Dodged            |    94 |    63 |   315 |   399 ||   871

Table legend: (Time is in decaauts)
 A = Elapsed time spent in this place.
 B = Non-inter-level travel time spent in this place.
 C = Inter-level travel time spent in this place.
 D = Time resting spent in this place.
 E = Time spent auto-exploring this place.
 F = Levels seen in this place.
 G = Mean time per level.
                   A        B        C        D        E       F      G
               +--------+--------+--------+--------+--------+-----+--------+
         Total |  18078 |  17525 |    553 |   4901 |  10037 |  16 | 1129.9 |
       Dungeon |  10684 |  10346 |    338 |   2039 |   6731 |   9 | 1187.1 |
          Lair |   7088 |   6873 |    215 |   2862 |   3034 |   6 | 1181.3 |
         Sewer |    304 |    304 |      0 |      0 |    271 |   1 |  304.0 |
               +--------+--------+--------+--------+--------+-----+--------+

Top non-repeatable levels by time:
     D:6: 1981 daAuts
  Lair:4: 1723 daAuts
     D:7: 1658 daAuts
     D:1: 1493 daAuts
  Lair:5: 1480 daAuts
  Lair:1: 1451 daAuts
  Lair:2: 1369 daAuts
     D:8: 1254 daAuts
     D:2: 1226 daAuts
     D:4: 996 daAuts
  Lair:3: 953 daAuts
     D:5: 855 daAuts
     D:9: 638 daAuts
     D:3: 580 daAuts
   Sewer: 304 daAuts
